 Dungeon Crawl Stone Soup version 0.27.1-1-g398f81649c (webtiles) character file.

Game seed: 1575717228266158156

21 101zpm the Covered (level 2, -5/19 HPs)
             Began as a Gargoyle Fighter on Sept 19, 2021.
             Slain by Sigmund (6 damage)
             ... on level 2 of the Dungeon.
             The game lasted 00:00:59 (616 turns).

101zpm the Covered (Gargoyle Fighter)                Turns: 616, Time: 00:01:00

Health: -5/19      AC:  9    Str: 19    XL:     2   Next: 87%
Magic:  2/2        EV:  7    Int:  8    God:
Gold:   0          SH:  9    Dex:  9    Spells: 1/1 levels left

rFire    . . .     SeeInvis .   a - +0 flail
rCold    . . .     Faith    .   c - +0 kite shield
rNeg     + . .     Spirit   .   b - +0 scale mail
rPois    ∞         Reflect  .   (no helmet)
rElec    +         Harm     .   (no cloak)
rCorr    .         Rampage  .   (no gloves)
Will     .....                  (no boots)
Stlth    ..........             (no amulet)
HPRegen  0.06/turn              (no ring)
MPRegen  0.08/turn              (no ring)

@: no status effects
A: sickness immunity, AC +2, negative energy resistance 1, electricity
resistance, torment resistance 1, petrification resistance
a: no special abilities


You were on level 2 of the Dungeon.
You visited 1 branch of the dungeon, and saw 2 of its levels.

Inventory:

Hand Weapons
 a - a +0 flail (weapon)
Armour
 b - a +0 scale mail (worn)
 c - a +0 kite shield (worn)
Scrolls
 e - a scroll of fear {unknown}
 f - a scroll of silence {unknown}
Potions
 d - a potion of might
 g - a potion of invisibility {unknown}
 h - a potion of berserk rage {unknown}


   Skills:
 + Level 3.5 Fighting
 + Level 2.6 Maces & Flails
 + Level 3.5 Armour
 + Level 0.1 Stealth
 + Level 3.5 Shields


You had one spell level left.
You didn't know any spells.
Your spell library contained the following spells:

 Spells                   Type           Power      Damage    Failure   Level
 Magic Dart               Conj           0%         1d3       99%         1
 Call Imp                 Summ           0%         N/A       100%        2
 Mephitic Cloud           Conj/Pois/Air  0%         N/A       100%        3
 Freezing Cloud           Conj/Ice/Air   0%         6-21      100%        5
 Simulacrum               Ice/Necr       0%         N/A       100%        6
 Polar Vortex             Ice            0%         N/A       100%        9


Dungeon Overview and Level Annotations

Branches:
Dungeon (2/15)

Altars:

Annotations:
D:2 Sigmund


Innate Abilities, Weirdness & Mutations

You are immune to sickness and miasma.
Your stone body is resilient. (AC +2)
You are immune to poison.
You resist negative energy. (rN+)
You are resistant to electric shocks. (rElec)
You are resistant to unholy torment.
You are immune to petrification.


Message History

You see here an adder corpse.
You start resting.
HP restored.
Sigmund the Dreaded comes into view.
He is wielding a +0 scythe.
Sigmund shouts!
Sigmund points at you and mumbles some strange words.
The puff of flame hits you.
A ball python comes into view.
The ball python hisses angrily.
You enter the shallow water.
Moving in this stuff is going to be slow.
You block the ball python's attack. The ball python grabs you.
The ball python constricts you.
You escape the ball python's grasp.
You enter the shallow water.
Moving in this stuff is going to be slow.
You block the ball python's attack. The ball python closely misses you.
Sigmund screams, "Only death can liberate you!"
Sigmund laughs darkly.
You block the ball python's attack. x2
You block the ball python's attack. The ball python grabs you.
The ball python constricts you.
You escape the ball python's grasp.
There is a stone staircase leading down here.
The ball python bites you. The ball python grabs you.
You stop descending the stairs.
The ball python constricts you.
You escape the ball python's grasp.
Sigmund says, "Your kind have come here before.
I understand now why.
You desire death..."
Sigmund hits you from afar with a +0 scythe.
You block the ball python's attack. The ball python grabs you.
The ball python constricts you.
You escape the ball python's grasp.
You hit the ball python.
You kill the ball python!
Sigmund completely misses you.
You see here a ball python corpse.
You barely miss Sigmund. Sigmund hits you with a +0 scythe!
* * * LOW HITPOINT WARNING * * *
You closely miss Sigmund. Sigmund hits you but does no damage.
You closely miss Sigmund. Sigmund hits you with a +0 scythe.
You die...

###≈.≈≈♣≈###.#.########.###...
♣≈..≈.≈..#................#
.≈≈≈#♣≈≈##....#..........##.##.
≈.≈.≈≈.≈.≈##.......####........
##.≈.≈≈≈≈..........##...###....
.≈≈≈≈≈≈..####...>.##.### #.
#≈.≈≈♣.≈≈## #.....##.# #.
##.#.### ###@####.# #.# #...
#@# #.# #.# #.# #.# #.# #.# #.#
#.# #.# #.# ##.## #.#
#.#######...# #.# #.##.........
#.# #.##...##...# #.#
#........#.## #.# #...........#


You could see Sigmund.

Vanquished Creatures
  An adder (D:2)
  A worm (D:2)
  3 ball pythons (D:2)
  An endoplasm (D:2)
  A hobgoblin (D:2)
  A kobold (D:2)
  A frilled lizard (D:2)
  A rat (D:2)
10 creatures vanquished.

Notes
Turn   | Place    | Note
-------+----------+-------------------------------------------
     0 | D:1      | 101zpm the Gargoyle Fighter began the quest for the Orb.
     0 | D:1      | Reached XP level 1. HP: 14/14 MP: 1/1
   122 | D:2      | Reached XP level 2. HP: 19/19 MP: 2/2
   585 | D:2      | Noticed Sigmund
   616 | D:2      | Slain by Sigmund

Illustrated notes

Levels and vault maps discovered:
D:1:      onia_arrival_pyramid, layout_loops_ring
D:2:      layout_loops_ring, chequers_serial_rivers_marsh, patterned_corridor,
          uniq_sigmund, uniq_natasha

Action                   || total
-------------------------++-------
Melee: Flail             ||    51
Armor: Scale mail        ||    27
Dodge: Dodged            ||    18
Block: Kite shield       ||    30
